 BcadrenCrawl: Boulder Brew version 0.06-744-gf22570f5e0 (webtiles) character file.

Game seed: 5449567480873081783

8627 LabCoat the Cleaver (level 11, -1/128 HPs) Hill Orc Fighter. Began on Mar 8, 2023. Was a Priest of Trog. Slain by a molten gargoyle (shapeshifter) (9 damage) ... on level 6 of the Dungeon. The game lasted 00:37:58 (6677 turns).

LabCoat the Cleaver (Hill Orc Fighter)              Turns: 6677, Time: 00:37:59

Health: -1/128     AC: 25    Str: 23    XL:     11 ^: 6047
Magic:  11/11      EV: 16    Int:  8    God:    Trog [3* [90]]
Gold:   221        SH:  4    Dex: 15    Spells: 10/10 levels left

rFire    . . .     Slash    .   a - +6 war axe of Invincibility {molten, rElec}
rCold    . . .     Pierce   .   i - +1 buckler {AC+3}
rNeg     . . .     Bludgeon .   k - +0 plate armour
rCorr    . . .     Vision   .   N - +1 helmet
rPois    .         Gourm    .   n - +0 cloak
rElec    +         Faith    .   (no gloves)
MR       .....     Spirit   .   (no boots)
HPRegen  0.92/turn Reflect  .   O - amulet of regeneration
MPRegen  0.21/turn Harm     .   v - ring of slaying Stlth ..........Rnd*Rage +
                                u - ring of protection

@: agile, berserk cooldown, slowed, very slow
A: soft flesh
a: Berserk, Trog's Hand, Renounce Religion


You were on level 6 of the Dungeon.
You worshipped Trog.
Trog was most pleased with you.
You were hungry.

You visited 1 branch of the dungeon, and saw 6 of its levels.

You collected 442 gold pieces.
You spent 221 gold pieces at shops.

Inventory:

Weapons
 a - the +6 war axe of Invincibility (weapon) {molten, rElec}
   (You bought it in a shop on level 3 of the Dungeon)

   Its malleable surface is completely molten, allowing it to meld around and
   partially ignore armour.
   Causes less base damage than a standard weapon; but partially ignores enemy's
   defense and burns causing additional damage to those that don't resist heat.
   Big, molten blades are also staple armaments of hydra-hunters.
   It insulates you from electricity.
 b - a +0 hand crossbow of freezing
 t - a cursed +3 spear {(Curse: *Drain)}
 B - a +0 war axe of chopping Shields
 c - a +0 heater shield
 i - a +1 buckler of protection (shield)
Armour
 k - a +0 plate armour (worn)
 n - a +0 cloak (worn)
 N - a +1 helmet (worn)
Jewellery
 d - a cursed amulet of guardian spirit {(Curse: *Corrode)}
 l - a cursed ring of fire {(Curse: -Vis)}
 u - a ring of protection (right hand)
 v - a ring of slaying (left hand)
 w - an uncursed ring of magical power
 F - a cursed ring of poison resistance {(Curse: *Slow)}
 J - an uncursed ring of strength
 M - a cursed amulet of the gourmand {(Curse: *Drain)}
 O - an amulet of regeneration (around neck)
Wands
 e - a wand of disintegration (13)
 y - a wand of random effects (1)
 D - a wand of flame (25)
 E - a wand of iceblast (1)
 G - a wand of hasting (8)
Scrolls
 g - 5 scrolls of random uselessness
 o - a scroll of silence
 q - 4 scrolls of fog
 r - 7 scrolls of enchantment
 C - a scroll of fear
 K - 2 scrolls of magic mapping
 L - a scroll of blinking
Potions
 h - a potion of curing
 j - 2 potions of resistance
 m - a potion of cancellation
 p - 2 potions of lignification
 z - a potion of ambrosia
 A - 2 potions of agility
 H - 2 potions of haste
Miscellaneous
 s - a lightning rod (4/4)
 x - a lamp of fire
Comestibles
 f - 24 rations
 I - 17 chunks of flesh


   Skills:
 * Level 10.2 Fighting
 * Level 10.5 Axes & Hammers
 * Level 6.5 Crossbows
 * Level 8.2 Armour
 + Level 4.9 Dodging
 + Level 7.7 Shields


You had 10 spell levels left.
You didn't know any spells.
Your spell library was empty.

Dungeon Overview and Level Annotations

Branches:
Dungeon (6/8)              Temple (0/1) D:4            Lair (0/6) D:5
    Orc (0/2) D:6

Altars:
Ashenzari
Fedhas Madash
Hepliaklqana
Okawaru
Trog
Xom

Shops:
D:3 (


Innate Abilities, Weirdness & Mutations

((Your soft flesh is weak to deep cuts.
Heavy manmade armour will nullify this weakness. (rSlashing-)))
You frequently lose your temper in combat.
This godly rage surpasses even clarity. (*Rage)


Message History

The heat cauterises the wound!
You burn the three-headed hydra (11)!
The three-headed hydra is heavily wounded. (39/70) HP You hit the molten gargoyle (3).
He resists.
The three-headed hydra bites you (5).
* * * LOW HITPOINT WARNING * * *
The three-headed hydra bites you (1).
* * * LOW HITPOINT WARNING * * *
The three-headed hydra bites you (10)!
* * * LOW HITPOINT WARNING * * *
The molten gargoyle hits you but does no damage.
You feel better.
You drop the empty bottle.
You are no longer berserk.
You are exhausted.
You feel yourself slow down.
You block the three-headed hydra's attack.
The three-headed hydra bites you but does no damage.
The three-headed hydra bites you (11)!
* * * LOW HITPOINT WARNING * * *
The molten gargoyle hits you (9)!
You die...

...>... #.#.#.# .
#...... ..###.....
.....C...#
.........#####
.......9†....#
#†@###..#####
#.D.#........
#.#.#........
#.#.........=
#.##.#....###
####.#.........#
#.......##..#...
...#........#.##....
. #...###..#.#
.....# .


You could see a three-headed hydra, a cyclops and a molten gargoyle shaped
shifter.

Vanquished Creatures
  Harold (D:4)
  An unseen horror (D:6)
  A two-headed ogre (D:5)
  An elephant (D:5)
  3 hippogriffs
  A wyvern (D:5)
  An acid dragon (D:6)
  A yak (D:6)
  A basilisk (D:5)
  A hungry ghost (D:5)
  A slime creature (D:6)
  A bone scorpion (D:6)
  5 orc warriors
  2 phantoms (D:3)
  A necrophage (D:4)
  3 scorpions (D:4)
  4 water moccasins
  A porcupine (D:3)
  2 ice beasts
  2 sky beasts
  2 black bears
  3 ogres
  2 crocodiles
  4 big kobolds
  A gnoll sergeant (D:4)
  A meliai zombie (D:4)
  8 killer bees (D:5)
  2 howler monkeys (D:4)
  A quasit (D:4)
  3 wights (D:5)
  A llaibwca (D:4)
  2 orc priests (D:4)
  4 hounds
  7 jellies
  6 orc wizards
  9 worker ants
  2 iguanas (D:4)
  A wyvern zombie (D:6)
  5 wyvern skeletons
  5 giant cockroaches
  A haearbwca (D:3)
  A boggart zombie (D:6)
  3 boggart skeletons
  A cysgobwca (D:4)
  4 adders
  5 gnolls (D:4)
  27 sewer rats (D:2)
  7 cinder newts
  2 worms (D:2)
  5 bullfrogs
  5 oozes (D:2)
  A dart slug (D:1)
  4 leopard geckos
  36 orcs
  An adder skeleton (D:5)
  4 ball pythons
  6 bats
  A cinder newt skeleton (D:2)
  3 goblins (D:1)
  5 hobgoblins (D:1)
  8 jackals
  A quokka (D:4)
  A goblin skeleton (D:2)
  16 kobolds
  A leopard gecko skeleton (D:3)
  2 rats (D:1)
  A rat skeleton (D:2)
  A slimehead (D:2)
  6 withered plants (D:2)
262 creatures vanquished.

Vanquished Creatures (others)
  A sky beast (D:6)
  A bullfrog (D:6)
  4 slimeheads (D:2)
  44 withered plants (D:2)
50 creatures vanquished.

Grand Total: 312 creatures vanquished

Notes
Turn   | Place    | Note
-------+----------+-------------------------------------------
     0 | D:1      | LabCoat the Hill Orc Fighter began the quest for the Orb.
     0 | D:1      | Reached XP level 1. HP: 29/29 MP: 1/1
    41 | D:1      | Reached XP level 2. HP: 10/39 MP: 2/2
    45 | D:1      | Reached XP level 3. HP: 9/49 MP: 3/3
   214 | D:1      | Reached skill level 1 in Dodging
   220 | D:1      | Reached XP level 4. HP: 41/59 MP: 4/4
   905 | D:2      | Reached XP level 5. HP: 48/69 MP: 5/5
  1175 | D:2      | Reached skill level 5 in Fighting
  1178 | D:2      | Reached XP level 6. HP: 56/79 MP: 6/6
  1492 | D:2      | Reached skill level 5 in Axes & Hammers
  1749 | D:2      | Reached skill level 1 in Crossbows
  1749 | D:2      | Reached XP level 7. HP: 89/89 MP: 7/7
  2421 | D:2      | Reached XP level 8. HP: 75/99 MP: 8/8
  2699 | D:2      | Reached skill level 5 in Shields
  3162 | D:3      | Found a blossoming altar of Fedhas.
  3539 | D:3      | Reached skill level 5 in Armour
  3736 | D:3      | Found Peetigo's Antique Weapon Shop.
  3743 | D:3      | Reached XP level 9. HP: 94/108 MP: 9/9
  3788 | D:3      | Bought an encrusted war axe {molten} for 221 gold pieces
  3788 | D:3      | Identified the +6 war axe of Invincibility {molten, rElec}
                  | (You bought it in a shop on level 3 of the Dungeon)
  4280 | D:4      | Found a bloodstained altar of Trog.
  4293 | D:4      | Became a worshipper of Trog the Wrathful
  4581 | D:4      | Found a shattered altar of Ashenzari.
  4897 | D:4      | Found a shimmering altar of Xom.
  4897 | D:4      | Found a hazy altar of Hepliaklqana.
  4897 | D:4      | Found an iron altar of Okawaru.
  5137 | D:4      | Reached * piety under Trog
  5187 | D:4      | Found a staircase to the Ecumenical Temple.
  5249 | D:4      | Noticed Harold
  5256 | D:4      | Killed Harold
  5256 | D:4      | Reached skill level 5 in Crossbows
  5256 | D:4      | Reached XP level 10. HP: 58/118 MP: 10/10
  5645 | D:5      | Entered Level 5 of the Dungeon
  5731 | D:5      | Reached ** piety under Trog
  6168 | D:5      | Noticed a two-headed ogre
  6174 | D:5      | Killed a two-headed ogre
  6289 | D:5      | Reached skill level 10 in Axes & Hammers
  6312 | D:5      | Reached XP level 11. HP: 128/128 MP: 11/11
  6318 | D:5      | Found a staircase to the Lair.
  6447 | D:6      | Reached *** piety under Trog
  6472 | D:6      | Found a staircase to the Orcish Mines.
  6496 | D:6      | Reached skill level 10 in Fighting
  6537 | D:6      | Killed an unseen horror
  6662 | D:6      | Noticed a five-headed hydra
  6677 | D:6      | Slain by a molten gargoyle (shapeshifter)

Illustrated notes

Levels and vault maps discovered:
D:1:      dpeg_arrival_stone_temple_mockup, layout_loops_ring
D:2:      layout_sewer, first_ration
D:3:      layout_loops_ring, lemuel_round_altar, serial_shops,
          nicolae_shop_waterfront, bcadren_nooodl_food_pyramid,
          kennysheep_generic_room_9
D:4:      layout_loops_corners, chequers_temple_overflow_statue_of_worship,
          lemuel_round_altar, minmay_temple_entry_statues_fountains,
          nicolae_ashenzari_panopticon, uniq_harold
D:5:      layout_rooms, david_lair_generic
D:6:      layout_rooms, david_orc_2, st_stairs_10

Skill      XL: |  1  2  3  4  5  6  7  8  9 10 11 |
---------------+----------------------------------+-----
Axes & Hammers | 3 4 5 6 7 9 10 | 10.5
Fighting       | 4 5 6 7 8 9 10 | 10.2
Dodging        | 1 2 3 4 |  4.9
Armour         | 4 5 6 7 8 |  8.2
Shields        | 4 5 6 7 |  7.7
Crossbows      | 1 3 5 6 |  6.5

Action                   |  1- 3 |  4- 6 |  7- 9 | 10-12 || total
-------------------------+-------+-------+-------+-------++-------
Melee: War axe           |    19 |   118 |   204 |   137 ||   478
 Fire: Hand crossbow     |       |    44 |   115 |    71 ||   230
Throw: Skull             |       |     6 |       |       ||     6
       Stone             |       |     3 |       |     1 ||     4
       Bone              |       |     3 |       |     1 ||     4
Evoke: Lightning rod     |       |       |     4 |       ||     4
       Lamp of fire      |       |       |     1 |       ||     1
  Use: Potion            |     1 |     1 |     2 |     2 ||     6
       Scroll            |       |     2 |       |       ||     2
  Eat: Chunk             |       |     3 |     9 |     4 ||    16
       Ration            |       |       |     1 |     2 ||     3
Armor: Scale mail        |    14 |    13 |       |       ||    27
       Plate armour      |       |    88 |   153 |   138 ||   379
Dodge: Dodged            |     5 |    35 |    71 |    37 ||   148
Block: Heater shield     |     8 |     3 |       |       ||    11
       Buckler           |       |    11 |    17 |    19 ||    47
